 Dungeon Crawl Stone Soup version 0.30.1-11-g7821555f0a (webtiles) character file.

Game seed: 6236633551009399416

324 jestert79 the Slasher (level 6, -1/42 HPs)
             Began as an Octopode Fighter on Oct 27, 2023.
             Was a Follower of Ashenzari.
             Slain by a hound (3 damage)
             ... on level 4 of the Dungeon.
             The game lasted 00:07:45 (2493 turns).

jestert79 the Slasher (Octopode Fighter)            Turns: 2493, Time: 00:07:46

Health: -1/42      AC:  1    Str: 16    XL:     6   Next: 48%
Magic:  6/6        EV: 13    Int: 10    God:    Ashenzari [*.....]
Gold:   170        SH:  4    Dex: 13    Spells: 5/5 levels left

rFire   . . .        a - +0 long sword of Ashenzari's Yoke {Range, Evo} (curse)
rCold   . . .        m - +0 buckler "Enigmatic Embarrassment" {Comp, Alch} (curse)
rNeg    . . .        (helmet restricted)
rPois   .            (no amulet)
rElec   .            (no ring)
rCorr   .            (no ring)
SInv    .            (no ring)
Will    .....        (no ring)
Stlth   +++          (no ring)
HPRegen 0.27/turn    (no ring)
MPRegen 0.10/turn    (no ring)
                     (no ring)

%: no passive effects
@: no status effects
A: almost no armour, amphibious, 8 rings, camouflage 1, gelatinous body 1,
(nimble swimmer 1), tentacles
a: Renounce Religion, Curse Item, Shatter the Chains


You were on level 4 of the Dungeon.
You worshipped Ashenzari.
Ashenzari was aware of your devotion.
You visited 1 branch of the dungeon, and saw 4 of its levels.

You collected 170 gold pieces.

Inventory:

Hand Weapons
 a - the cursed +0 long sword of Ashenzari's Yoke (weapon) {Range, Evo}

   It has a curse which improves the following skills: Ranged Combat: Ranged
   Weapons and Throwing.
   Evocations: Evocations.
 b - a +3 sling
Missiles
 e - 16 poisoned darts (quivered)
Armour
 m - the cursed +0 buckler "Enigmatic Embarrassment" (worn) {Comp, Alch}

   It has a curse which improves the following skills: Companions: Summonings
   and Necromancy.
   Alchemy:   Poison Magic and Transmutations.
Jewellery
 j - a ring of ice
Wands
 u - a wand of polymorph (3)
Scrolls
 g - 4 scrolls of identify
 h - a scroll of noise
 k - 2 scrolls of teleportation
 n - a scroll of enchant armour
 o - a scroll of poison
 p - a scroll of fear
 q - a scroll of summoning
 r - a scroll of vulnerability
 v - a scroll of blinking
Potions
 c - 2 potions of might
 d - 4 potions of flight
 f - a potion of curing
 i - 2 potions of attraction
 l - 5 potions of heal wounds
 s - 2 potions of mutation
 t - a potion of magic
 w - a potion of haste


   Skills:
 - Level 3.0 Fighting
 * Level 6.1 Long Blades
 - Level 3.0 Dodging
 - Level 3.1 Stealth
 - Level 3.2 Shields


You had 5 spell levels left.
You didn't know any spells.
Your spell library contained the following spells:

 Spells                   Type           Power      Damage    Failure   Level
 Slow                     Hex            0%         N/A       43%         1
 Cigotuvi's Dreadful Rot  Necr/Pois/Air  0%         N/A       58%         2
 Confusing Touch          Hex            0%         N/A       82%         3
 Vampiric Draining        Necr           0%         2d6       82%         3
 Dispel Undead            Necr           0%         3d6       99%         4
 Death Channel            Necr           0%         N/A       100%        6


Dungeon Overview and Level Annotations

Branches:
Dungeon (3/15)

Altars:
Ashenzari

Shops:
D:1 (


Innate Abilities, Weirdness & Mutations

You cannot wear most types of armour.
You are amphibious.
You can wear up to eight rings at the same time.
Your skin changes colour to match your surroundings (Stealth+).
Your rubbery body absorbs attacks. (AC +1, EV +1)
((You are camouflaged when in or above water. (Stealth+)))
You have tentacles for arms and can constrict up to eight enemies at once.


Message History

You miss the hound. Your grab misses the hound. Your squeeze misses the hound.
The hound is severely wounded.
You block the hound's attack. x2
You miss the hound. Your grab misses the hound. Your squeeze misses the hound.
The hound is heavily wounded.
The hound bites you.
You hit the hound but do no damage. Your grab misses the hound.
The hound is heavily wounded.
The hound closely misses you.
The hound stops to sniff the ground.
You block the hound's attack.
You miss the hound. Your grab misses the hound.
The hound is heavily wounded.
You block the hound's attack. You block the gnoll's attack.
The hound barely misses you. The gnoll closely misses you.
You hit the hound but do no damage. Your grab misses the hound.
The hound is heavily wounded.
The hound closely misses you.
The gnoll hits you from afar with a +0 halberd!
* * * LOW HITPOINT WARNING * * *
You miss the hound. You grab the hound.
The hound is heavily wounded.
You constrict the hound. The hound barely misses you.
You block the hound's attack. You block the gnoll's attack.
You slash the hound!
You kill the hound!
The gnoll misses you. You block the hound's attack.
Your Long Blades skill increases to level 6!
You closely miss the hound. Your grab misses the hound.
The hound bites you but does no damage. You block the gnoll's attack.
You slash the hound! Your grab misses the hound.
The hound is heavily wounded.
The hound bites you but does no damage.
The gnoll hits you from afar with a +0 halberd!
* * * LOW HITPOINT WARNING * * *
The hound closely misses you.
You barely miss the hound. Your grab misses the hound.
The hound is heavily wounded.
The hound bites you.
You die...

#.#### #.#....#### #.#
#.#...#.... #.#
#.##..#.... #.###
#.......... #...#
###.#...... ###.#
#.#.#.... #.# #.#.#....
# #.# #........
#.#####@# #..#.....
#.....#h##### #........
#......$g...#######.....
#......)....... ...
............### ...
............... ...
...?........... ..
.......##+##..~ .......
...


You could see a hound and a gnoll.

Vanquished Creatures
  An ogre (D:4)
  A hound (D:4)
  Terence (D:3)
  6 adders
  7 gnolls
  3 worms
  2 dart slugs (D:1)
  4 orcs (D:3)
  3 ball pythons
  4 endoplasms
  2 goblins
  4 hobgoblins
  8 kobolds
  A quokka (D:4)
  6 bats
  4 rats
57 creatures vanquished.

Notes
Turn   | Place    | Note
-------+----------+-------------------------------------------
     0 | D:1      | jestert79 the Octopode Fighter began the quest for the Orb.
     0 | D:1      | Reached XP level 1. HP: 16/16 MP: 1/1
    94 | D:1      | Reached XP level 2. HP: 21/21 MP: 2/2
   433 | D:1      | Found Wiaroiz's Weapon Shop.
   810 | D:2      | Reached skill level 3 in Long Blades
   810 | D:2      | Reached skill level 1 in Stealth
   810 | D:2      | Reached XP level 3. HP: 24/26 MP: 3/3
   869 | D:2      | Found a faded altar of an unknown god.
   879 | D:2      | Prayed at the altar of an unknown god.
   879 | D:2      | Became a worshipper of Ashenzari the Shackled
  1324 | D:2      | Reached XP level 4. HP: 31/31 MP: 4/4
  1565 | D:3      | Reached skill level 4 in Long Blades
  1631 | D:3      | Noticed Terence
  1662 | D:3      | Killed Terence
  1663 | D:3      | Reached XP level 5. HP: 15/36 MP: 5/5
  1965 | D:3      | Reached * piety under Ashenzari
  2021 | D:3      | Reached skill level 5 in Long Blades
  2203 | D:3      | You fall into a shaft and drop 1 floor!
  2274 | D:4      | Noticed an ogre
  2290 | D:4      | Killed an ogre
  2291 | D:4      | Reached XP level 6. HP: 18/42 MP: 6/6
  2491 | D:4      | Reached skill level 6 in Long Blades
  2492 | D:4      | HP: 2/42 [gnoll/+0 halberd (7)]
  2493 | D:4      | Slain by a hound

Illustrated notes

Levels and vault maps discovered:
D:1:      nicolae_arrival_memento_mori, layout_basic, serial_shops,
          nicolae_shop_bloodbath_and_beyond
D:2:      layout_loops_ring, hellmonk_ecumenical_altar_lost_god
D:3:      wander_river, layout_rooms, nicolae_titane, uniq_terence
D:4:      layout_basic, chequers_serial_rivers_micro_d,
          minmay_misc_feat_pillars, dreamdust_gnoll_farm, uniq_menkaure

Skill      XL: |  1  2  3  4  5  6 |
---------------+-------------------+-----
Long Blades    | 3 4 5 6 |  6.1
Stealth        | 1 2 3 |  3.1
Fighting       | |  3.0
Dodging        | |  3.0
Shields        | |  3.2

Action                     |  1- 3 |  4- 6 || total
---------------------------+-------+-------++-------
  Melee: Long sword        |    46 |    74 ||   120
         Constrict         |    12 |    20 ||    32
         Tentacles         |     7 |    17 ||    24
         Punch             |       |     1 ||     1
  Throw: Dart              |     1 |     3 ||     4
 Invoke: Curse Item        |     1 |     1 ||     2
   Stab: Sleeping          |    10 |     5 ||    15
 Armour: Skin              |     3 |     5 ||     8
  Dodge: Dodged            |    14 |    38 ||    52
  Block: Buckler           |     7 |    18 ||    25
